 Dungeon Sprint DCSS version 0.28.0-49-g6dfe1f597d (webtiles) character file.

Game seed: 14950395940934322742

1554 Revguard the Warrior (level 8, -4/69 HPs)
             Began as a Demonspawn Gladiator on May 16, 2022.
             Was a Believer of Okawaru.
             Slain by a death knight
             ... wielding a +0 broad axe
              (25 damage)
             ... in the Dungeon (Sprint IX: "|||||||||||||||||||||||||||||").
             The game lasted 00:03:53 (520 turns).

Revguard the Warrior (Demonspawn Gladiator)          Turns: 520, Time: 00:03:54

Health: -4/69      AC: 17    Str: 19    XL:     8   Next: 57%
Magic:  14/15      EV: 11    Int: 11    God:    Okawaru [**....]
Gold:   0          SH:  0    Dex: 16    Spells: 7/7 levels left

rFire   . . .      SeeInvis .   n - +2 scimitar "Tukkegh" {elec, rElec rC+ Str+2}
rCold   + . .      Faith    .   (no shield)
rNeg    . . .      Spirit   .   q - +1 chain mail
rPois   .          Reflect  .   c - +0 helmet
rElec   +          Harm     .   p - +0 cloak
rCorr   .          Rampage  .   (no gloves)
Will    .....      NoTele   +   o - +0 pair of boots
Stlth   ..........              (no amulet)
HPRegen 0.21/turn               r - +2 ring of protection
MPRegen 0.14/turn               s - +3 ring of strength

@: on berserk cooldown, slowed, invisible, very slow
A: (demonic guardian 1), ignite blood 2, weakness stinger 1
a: Renounce Religion, Heroism


You were in the Dungeon.
You worshipped Okawaru.
Okawaru was pleased with you.
You visited 1 branch

Inventory:

Hand Weapons
 a - a +0 long sword
 n - the +2 scimitar "Tukkegh" (weapon) {elec, rElec rC+ Str+2}
   (You found it in the Dungeon)

   It occasionally discharges a powerful burst of electricity upon striking a
   foe.
   Str:       It affects your strength (+2).
   rC:        It protects you from cold.
   rElec:     It insulates you from electricity.
Missiles
 d - 2 throwing nets (quivered)
Armour
 b - a +0 leather armour
 c - a +0 helmet (worn)
 o - a +0 pair of boots (worn)
 p - a +0 cloak (worn)
 q - a +1 chain mail (worn)
 t - a +0 troll leather armour
Jewellery
 r - a +2 ring of protection (left hand)
 s - a +3 ring of strength (right hand)
Wands
 m - a wand of acid (10)
Scrolls
 j - a scroll of blinking
 l - 2 scrolls of amnesia
Potions
 e - 4 potions of curing
 g - a potion of haste
 h - 4 potions of magic


   Skills:
 + Level 8.3 Fighting
 + Level 7.8 Long Blades
 - Level 1.7 Throwing
 + Level 7.3 Armour
 + Level 7.7 Dodging
 + Level 10.1 Invocations
 + Level 7.7 Evocations


You had 7 spell levels left.
You didn't know any spells.
Your spell library was empty.

Dungeon Overview and Level Annotations

Branches:
Dungeon (1/1)

Altars:
Cheibriados
Dithmenos
Elyvilon
Fedhas
Gozag
Hepliaklqana
Kikubaaqudgha
Makhleb
Nemelex Xobeh
Okawaru
Qazlal
Ru
Sif Muna
Trog
Uskayaw
Vehumet
Wu Jian
Xom
Yredelemnul
Zin
The Shining One
Beogh
Jiyva
Lugonu


Innate Abilities, Weirdness & Mutations

((A weak demonic guardian rushes to your aid.))
Your demonic aura often causes spilled blood to erupt in flames.
You have a small tail.


Message History

The death knight misses you.
You hit the death knight.
Your tail-slap misses the death knight.
The death knight is lightly wounded.
The death knight reflects your damage back at you!
You feel a strong urge to attack something.
You are no longer berserk.
You are exhausted.
You feel yourself slow down.
You slash the death knight!
Lightning courses through the death knight!!
You tail-slap the death knight.
The death knight is heavily wounded.
The death knight reflects your damage back at you!
* * * LOW HITPOINT WARNING * * *
The death knight's dark mirror aura disappears.
The death knight is engulfed in blazing flames.
The death knight barely misses you.
The death knight is engulfed in blazing flames.
The death knight hits you but does no damage.
Blink to where?
Press: ? - help, Dir - move target
As you read the scroll of blinking, it crumbles to dust.
You feel like a meek peon again.
Items here: ))))).
You fade into invisibility!
You feel much better.
The death knight invokes the aid of Yredelemnul against you.
Your body is wracked with pain!
* * * LOW HITPOINT WARNING * * *
Unknown command.
You feel much better. The death knight misses you.
You closely miss the death knight.
The death knight is severely wounded.
The death knight hits you with a +0 broad axe!
You slash the death knight!
The death knight is severely wounded.
The death knight is engulfed in blazing flames.
The death knight hits you with a +0 broad axe!!
You die...

▓†▓
▓.▓
▓.▓
▓T▓
▓C▓
▓.▓
▓.▓
▓p▓
▓@▓
▓.▓
▓'▓
▓_▓
▓_▓
▓_▓
▓_▓
▓_▓
▓_▓


You could see a death knight, a cyclops and a troll.

Vanquished Creatures
  2 ugly things (D)
  A troll (D)
  A slime creature (D)
  A hornet (D)
  A howler monkey (D)
  2 hounds (D)
  A gnoll shaman (D)
  An orc wizard (D)
  A gnoll (D)
  An adder (D)
  A ball python (D)
  A bat zombie (D)
  A giant cockroach (D)
  A jackal (D)
  A kobold (D)
  A quokka zombie (D)
  A rat (D)
19 creatures vanquished.

Notes
Turn   | Place    | Note
-------+----------+-------------------------------------------
     0 | D        | Revguard the Demonspawn Gladiator began the quest for the
                  | Orb.
     0 | D        | Reached XP level 1. HP: 16/16 MP: 1/1
     9 | D        | Reached skill level 1 in Invocations
    14 | D        | Reached skill level 1 in Armour
    14 | D        | Reached skill level 1 in Evocations
    31 | D        | Banished a spatial maelstrom
   104 | D        | Noticed an orc wizard
   104 | D        | Noticed a hound
   104 | D        | Noticed a hound
   106 | D        | Killed a hound
   107 | D        | Reached skill level 3 in Invocations
   107 | D        | Gained mutation: Your demonic aura sometimes causes spilled
                  | blood to erupt in flames. [demonic ancestry]
   107 | D        | Reached XP level 2. HP: 24/24 MP: 2/4
   107 | D        | Gained mutation: Your demonic aura often causes spilled
                  | blood to erupt in flames. [demonic ancestry]
   107 | D        | Reached XP level 3. HP: 29/29 MP: 2/5
   122 | D        | Reached skill level 4 in Invocations
   122 | D        | Gained mutation: You have a small tail. [demonic ancestry]
   122 | D        | Reached XP level 4. HP: 6/37 MP: 3/7
   383 | D        | Found a snail-covered altar of Cheibriados.
   383 | D        | Found a shadowy altar of Dithmenos.
   383 | D        | Found a blossoming altar of Fedhas.
   383 | D        | Found an opulent altar of Gozag.
   384 | D        | Found a hazy altar of Hepliaklqana.
   385 | D        | Found a viscous altar of Jiyva.
   386 | D        | Found an ancient bone altar of Kikubaaqudgha.
   387 | D        | Found a corrupted altar of Lugonu.
   388 | D        | Found a burning altar of Makhleb.
   389 | D        | Found a sparkling altar of Nemelex Xobeh.
   390 | D        | Found an iron altar of Okawaru.
   391 | D        | Found a stormy altar of Qazlal.
   392 | D        | Found a sacrificial altar of Ru.
   393 | D        | Found a shimmering blue altar of Sif Muna.
   394 | D        | Found a bloodstained altar of Trog.
   395 | D        | Found a hide-covered altar of Uskayaw.
   396 | D        | Found a radiant altar of Vehumet.
   397 | D        | Found an ornate altar of the Wu Jian Council.
   398 | D        | Found a shimmering altar of Xom.
   400 | D        | Became a worshipper of Warmaster Okawaru
   402 | D        | Found a basalt altar of Yredelemnul.
   420 | D        | Got the +2 scimitar "Tukkegh" {elec, rElec rC+ Str+2}
   457 | D        | Noticed a troll
   457 | D        | Noticed a hornet
   459 | D        | Reached skill level 5 in Invocations
   459 | D        | Gained mutation: A weak demonic guardian rushes to your
                  | aid. [demonic ancestry]
   459 | D        | Reached XP level 5. HP: 43/43 MP: 8/8
   461 | D        | Killed a hornet
   462 | D        | Reached skill level 5 in Fighting
   462 | D        | Reached skill level 5 in Long Blades
   462 | D        | Reached skill level 5 in Dodging
   462 | D        | Reached skill level 6 in Invocations
   462 | D        | Reached skill level 5 in Evocations
   462 | D        | Reached XP level 6. HP: 52/52 MP: 8/11
   469 | D        | Reached skill level 5 in Armour
   469 | D        | Reached skill level 7 in Invocations
   474 | D        | Killed a troll
   474 | D        | Reached * piety under Okawaru
   475 | D        | Reached XP level 7. HP: 52/59 MP: 9/12
   485 | D        | Noticed a troll
   485 | D        | Noticed a cyclops
   485 | D        | Noticed a death knight
   485 | D        | Noticed a white ugly thing
   485 | D        | Noticed a green ugly thing
   485 | D        | Noticed a slime creature
   492 | D        | Killed a slime creature
   493 | D        | Reached skill level 8 in Invocations
   496 | D        | Killed a green ugly thing
   496 | D        | Reached ** piety under Okawaru
   497 | D        | Reached skill level 9 in Invocations
   497 | D        | Reached XP level 8. HP: 5/68 MP: 10/15
   501 | D        | Killed a white ugly thing
   502 | D        | Reached skill level 10 in Invocations
   520 | D        | Slain by a death knight

Illustrated notes

Levels and vault maps discovered:
D:        linesprint [early_d, line_temple, items_1, d_10, items_2, lair_1,
          lair_end, items_3, orc_1, orc_end, items_4, d_15, swamp_1, shoals_1,
          snake_1, spider_1, d_20, vaults_1, items_5, swamp_end, shoals_end,
          snake_end, spider_end, vaults_end, d_27, items_6, zot_1, zot_end,
          crypt_end, forest_end, elf_end, slime_end, tomb_end, abyss_end,
          pan_hell_end]

Skill      XL: |  1  2  3  4  5  6  7  8 |
---------------+-------------------------+-----
Invocations    | 3 4 5 6 7 9 10 | 10.1
Dodging        | 3 4 5 6 7 |  7.7
Long Blades    | 3 4 5 6 7 |  7.8
Armour         | 2 3 4 5 6 7 |  7.3
Evocations     | 2 3 4 5 6 7 |  7.7
Fighting       | 3 4 5 6 7 8 |  8.3
Throwing       | |  1.7

Action                   |  1- 3 |  4- 6 |  7- 9 || total
-------------------------+-------+-------+-------++-------
Melee: Long sword        |    27 |     3 |       ||    30
       Scimitar          |       |    13 |    17 ||    30
       Tailslap          |       |     2 |     4 ||     6
Throw: Throwing net      |       |     1 |       ||     1
Invok: Heroism           |       |       |     1 ||     1
  Use: Potion            |       |       |     6 ||     6
       Scroll            |       |       |     1 ||     1
 Stab: Held in net/web   |       |     1 |       ||     1
Armor: Leather armour    |    11 |       |       ||    11
       Chain mail        |       |    10 |    11 ||    21
Dodge: Dodged            |    21 |     8 |     5 ||    34
